[ AOE2 MATCH · #465372574 ]
UnrankedPersians vs Vikings
[ REPLAY ANALYSIS · EXTRACTED FROM THE RECORDED GAME ]
Feudal
11:05
Castle
16:02
Imperial
31:31
| APM avg | 28.3 |
| APM peak | 61 |
| eAPM avg | 13.5 |
| Villagers / military | 120 / 168 |
Focus
⚔️ 37.9% · 🌾 62.1%
Knight ×130 · Camel Scout ×36 · Trebuchet (Packed) ×2
Feudal
11:29
Castle
15:02
Imperial
29:26
| APM avg | 31.5 |
| APM peak | 76 |
| eAPM avg | 20.2 |
| Villagers / military | 114 / 184 |
Focus
⚔️ 43.7% · 🌾 56.3%
Berserk ×135 · Monk ×20 · Battering Ram ×15 · Trebuchet (Packed) ×12 · Mangonel ×2
Feudal
10:51
Castle
16:08
Imperial
31:56
| APM avg | 18.8 |
| APM peak | 34 |
| eAPM avg | 13.2 |
| Villagers / military | 146 / 236 |
Focus
⚔️ 34.3% · 🌾 65.7%
Militia ×102 · Spearman ×52 · Skirmisher ×20 · Scout Cavalry ×18 · Camel Scout ×15 · Gbeto ×13
Feudal
10:26
Castle
14:56
Imperial
28:55
| APM avg | 22.4 |
| APM peak | 43 |
| eAPM avg | 17.6 |
| Villagers / military | 128 / 230 |
Focus
⚔️ 37.6% · 🌾 62.4%
Archer ×80 · Spearman ×68 · Longbowman ×57 · Skirmisher ×9 · Battering Ram ×7 · Scorpion ×4
Feudal
10:43
Castle
15:07
Imperial
27:00
| APM avg | 38.6 |
| APM peak | 80 |
| eAPM avg | 22.7 |
| Villagers / military | 154 / 329 |
Focus
⚔️ 36.9% · 🌾 63.1%
Spearman ×213 · Hand Cannoneer ×72 · Bombard Cannon ×20 · Monk ×13 · Trade Cart ×10 · Trebuchet (Packed) ×6
Feudal
9:12
Castle
20:12
Imperial
27:57
| APM avg | 36.3 |
| APM peak | 66 |
| eAPM avg | 19.7 |
| Villagers / military | 157 / 490 |
Focus
⚔️ 35.2% · 🌾 64.8%
Scout Cavalry ×252 · Knight ×230 · Trade Cart ×17 · Trebuchet (Packed) ×7 · Monk ×1
Match map
Initial resources + every placement click. Lines = walls · curves = elevation contours. ◆ gold · ⬟ stone · ● berries · ✦ relic · ◌ wall gap
Your base· ✓ Closed at 16:02 · 0t walls · 2 gate(s)
Dine'nDash's base· ✓ Closed at 15:02 · 0t walls · 3 gate(s)
PJtheDcoy's base· ✓ Closed at 16:08 · 0t walls · 3 gate(s)
Zaibach's base· ✓ Closed at 14:56 · 0t walls · 2 gate(s)
Quando's base· ✓ Closed at 15:07 · 0t walls · 2 gate(s)
Ponfe's base· ✓ Closed at 20:12 · 0t walls · 2 gate(s)
Smoothed initial terrain · ◌ = detected wall gap · hover for details
Inputs per minute
— Fr4ggi - - Dine'nDash
Build order — Fr4ggi
First 150 of 415 actions detected
| 0:04 | Build | House |
| 0:04 | Queue | Villager (Male) |
| 0:05 | Queue | Villager (Male) |
| 0:07 | Build | House |
| 0:08 | Queue | Villager (Male) |
| 0:08 | Queue | Villager (Male) |
| 0:35 | Queue | Villager (Male) |
| 0:35 | Queue | Villager (Male) |
| 1:49 | Build | Lumber Camp |
| 1:52 | Queue | Villager (Male) |
| 2:27 | Queue | Villager (Male) |
| 2:27 | Queue | Villager (Male) |
| 3:24 | Queue | Villager (Male) |
| 3:24 | Queue | Villager (Male) |
| 3:53 | Build | Mill |
| 4:15 | Queue | Villager (Male) |
| 4:15 | Queue | Villager (Male) |
| 4:20 | Queue | Villager (Male) |
| 4:44 | Build | House |
| 5:11 | Queue | Villager (Male) |
| 5:33 | Queue | Villager (Male) |
| 5:53 | Build | House |
| 6:06 | Queue | Villager (Male) |
| 6:36 | Queue | Villager (Male) |
| 6:36 | Queue | Villager (Male) |
| 6:41 | Queue | Villager (Male) |
| 6:57 | Build | Farm |
| 7:16 | Queue | Villager (Male) |
| 7:26 | Build | Farm |
| 8:16 | Queue | Villager (Male) |
| 8:19 | Research | Feudal Age |
| 8:38 | Build | Farm |
| 8:44 | Build | Mining Camp |
| 9:34 | Queue | Villager (Male) |
| 9:42 | Build | House |
| 9:50 | Build | Barracks |
| 10:36 | Build | Farm |
| 10:45 | Build | Farm |
| 11:05 | Age | Feudal Age |
| 11:23 | Build | Farm |
| 11:25 | Queue | Villager (Male) |
| 11:49 | Queue | Villager (Male) |
| 11:57 | Build | Stable |
| 12:14 | Queue | Villager (Male) |
| 13:01 | Build | Blacksmith |
| 13:06 | Build | House |
| 13:08 | Queue | Villager (Male) |
| 13:37 | Research | Castle Age |
| 13:40 | Build | Farm |
| 14:12 | Queue | Villager (Male) |
| 14:23 | Build | Farm |
| 14:24 | Build | Farm |
| 14:24 | Build | Farm |
| 14:34 | Build | Lumber Camp |
| 14:53 | Research | Double-Bit Axe |
| 14:57 | Research | Bloodlines |
| 15:22 | Build | Farm |
| 15:31 | Research | Horse Collar |
| 15:47 | Research | Scale Barding Armor |
| 16:02 | Age | Castle Age |
| 16:14 | Build | Town Center |
| 16:17 | Queue | Villager (Male) |
| 16:22 | Queue | Knight |
| 16:40 | Queue | Villager (Male) |
| 16:49 | Queue | Knight |
| 16:55 | Build | Farm |
| 17:13 | Build | Farm |
| 17:19 | Build | Farm |
| 17:20 | Queue | Villager (Male) |
| 17:20 | Queue | Villager (Male) |
| 17:32 | Build | House |
| 17:33 | Build | House |
| 17:36 | Queue | Knight |
| 17:50 | Build | Farm |
| 18:10 | Build | Farm |
| 18:11 | Build | Farm |
| 18:13 | Queue | Villager (Male) |
| 18:16 | Build | Farm |
| 18:24 | Queue | Villager (Male) |
| 18:25 | Queue | Villager (Male) |
| 18:28 | Research | Wheelbarrow |
| 18:40 | Build | House |
| 18:47 | Queue | Villager (Male) |
| 18:49 | Queue | Villager (Male) |
| 18:56 | Build | Farm |
| 19:00 | Queue | Villager (Male) |
| 19:18 | Build | Farm |
| 19:38 | Queue | Villager (Male) |
| 19:43 | Queue | Villager (Male) |
| 19:43 | Queue | Villager (Male) |
| 20:00 | Queue | Knight |
| 20:17 | Queue | Villager (Male) |
| 20:31 | Build | Town Center |
| 20:35 | Queue | Villager (Male) |
| 20:36 | Queue | Villager (Male) |
| 20:41 | Queue | Knight |
| 20:44 | Research | Forging |
| 20:50 | Build | Mining Camp |
| 20:58 | Queue | Villager (Male) |
| 20:58 | Queue | Villager (Male) |
| 21:13 | Research | Bow Saw |
| 21:19 | Queue | Villager (Male) |
| 21:43 | Build | House |
| 21:44 | Build | House |
| 21:45 | Build | House |
| 21:50 | Queue | Villager (Male) |
| 21:50 | Queue | Villager (Male) |
| 21:57 | Queue | Villager (Male) |
| 21:57 | Queue | Villager (Male) |
| 22:01 | Queue | Villager (Male) |
| 22:01 | Queue | Villager (Male) |
| 22:12 | Queue | Knight |
| 22:28 | Build | Mining Camp |
| 22:33 | Queue | Villager (Male) |
| 22:33 | Queue | Villager (Male) |
| 22:35 | Queue | Villager (Male) |
| 22:35 | Queue | Villager (Male) |
| 22:41 | Build | Farm |
| 22:42 | Build | Farm |
| 22:46 | Build | Farm |
| 22:48 | Queue | Villager (Male) |
| 22:58 | Queue | Villager (Male) |
| 23:06 | Queue | Villager (Male) |
| 23:07 | Queue | Villager (Male) |
| 23:20 | Build | Farm |
| 23:31 | Research | Husbandry |
| 23:33 | Build | House |
| 23:37 | Build | House |
| 23:38 | Build | House |
| 23:49 | Build | Siege Workshop |
| 24:06 | Build | University |
| 24:14 | Build | Farm |
| 24:18 | Research | Hand Cart |
| 24:18 | Queue | Villager (Male) |
| 24:21 | Queue | Villager (Male) |
| 24:21 | Queue | Villager (Male) |
| 24:28 | Build | Farm |
| 24:30 | Queue | Villager (Male) |
| 24:37 | Queue | Villager (Male) |
| 24:52 | Queue | Villager (Male) |
| 25:08 | Queue | Villager (Male) |
| 25:09 | Queue | Villager (Male) |
| 25:11 | Queue | Villager (Male) |
| 25:15 | Queue | Knight |
| 25:21 | Build | Farm |
| 25:25 | Queue | Villager (Male) |
| 25:34 | Build | Farm |
| 25:36 | Build | Farm |
| 25:41 | Queue | Villager (Male) |
| 25:42 | Queue | Villager (Male) |
Build order — Dine'nDash
First 150 of 466 actions detected
| 0:01 | Queue | Villager (Male) ×4 |
| 0:05 | Build | House |
| 0:08 | Build | House |
| 1:33 | Queue | Villager (Male) |
| 1:48 | Build | Lumber Camp |
| 2:09 | Queue | Villager (Male) |
| 2:27 | Queue | Villager (Male) |
| 2:27 | Queue | Villager (Male) |
| 3:01 | Queue | Villager (Male) |
| 3:35 | Queue | Villager (Male) |
| 4:04 | Build | House |
| 4:13 | Queue | Villager (Male) |
| 4:13 | Queue | Villager (Male) |
| 4:41 | Build | House |
| 4:46 | Build | Mill |
| 5:09 | Queue | Villager (Male) |
| 5:09 | Queue | Villager (Male) |
| 5:42 | Queue | Villager (Male) |
| 5:50 | Queue | Villager (Male) |
| 6:05 | Queue | Villager (Male) |
| 6:06 | Queue | Villager (Male) |
| 6:06 | Queue | Villager (Male) |
| 7:07 | Queue | Villager (Male) |
| 7:11 | Queue | Villager (Male) |
| 7:11 | Queue | Villager (Male) |
| 7:17 | Queue | Villager (Male) |
| 8:33 | Build | Mining Camp |
| 8:58 | Research | Feudal Age |
| 8:58 | Research | Feudal Age |
| 9:29 | Build | House |
| 11:29 | Age | Feudal Age |
| 11:31 | Build | Market |
| 11:36 | Build | Blacksmith |
| 11:43 | Queue | Villager (Male) |
| 12:22 | Research | Castle Age |
| 12:43 | Build | Mining Camp |
| 12:54 | Research | Horse Collar |
| 13:14 | Build | Farm |
| 13:20 | Build | Farm |
| 13:28 | Build | Farm |
| 13:33 | Build | Farm |
| 13:58 | Build | Farm |
| 14:04 | Build | Farm |
| 14:07 | Build | Farm |
| 14:12 | Queue | Villager (Male) |
| 15:02 | Age | Castle Age |
| 15:04 | Queue | Villager (Male) |
| 15:08 | Build | Monastery |
| 15:28 | Build | House |
| 15:28 | Queue | Monk |
| 16:29 | Build | Castle |
| 16:35 | Queue | Villager (Male) |
| 16:35 | Queue | Villager (Male) |
| 16:39 | Build | Farm |
| 16:51 | Queue | Monk |
| 17:26 | Queue | Villager (Male) |
| 17:29 | Research | Loom |
| 17:36 | Queue | Villager (Male) |
| 17:39 | Research | Double-Bit Axe |
| 17:46 | Build | House |
| 17:48 | Build | Palisade Wall |
| 18:06 | Queue | Villager (Male) |
| 18:07 | Queue | Villager (Male) |
| 18:10 | Queue | Villager (Male) |
| 18:11 | Build | Farm |
| 18:28 | Queue | Villager (Male) |
| 18:33 | Queue | Monk |
| 18:56 | Queue | Villager (Male) |
| 19:10 | Queue | Berserk |
| 19:12 | Queue | Berserk |
| 19:13 | Queue | Villager (Male) |
| 19:14 | Queue | Villager (Male) |
| 19:51 | Queue | Berserk |
| 19:52 | Queue | Villager (Male) |
| 20:00 | Build | Town Center |
| 20:04 | Build | Siege Workshop |
| 20:21 | Queue | Villager (Male) |
| 20:22 | Research | Bow Saw |
| 20:28 | Queue | Villager (Male) |
| 20:28 | Queue | Villager (Male) |
| 21:02 | Queue | Villager (Male) |
| 21:16 | Build | Monastery |
| 21:28 | Queue | Villager (Male) |
| 21:53 | Queue | Berserk |
| 22:11 | Queue | Villager (Male) |
| 22:11 | Queue | Villager (Male) |
| 22:56 | Queue | Villager (Male) |
| 22:56 | Queue | Villager (Male) |
| 22:58 | Queue | Villager (Male) |
| 22:58 | Queue | Villager (Male) |
| 23:03 | Build | Farm |
| 23:04 | Build | Farm |
| 23:06 | Build | Farm |
| 23:07 | Build | Mill |
| 23:09 | Build | Farm |
| 23:10 | Build | Farm |
| 23:22 | Queue | Mangonel |
| 23:30 | Build | Castle |
| 23:34 | Build | Farm |
| 23:41 | Queue | Villager (Male) |
| 23:42 | Queue | Villager (Male) |
| 23:46 | Build | Farm |
| 23:51 | Build | Farm |
| 23:55 | Build | Lumber Camp |
| 24:05 | Queue | Villager (Male) |
| 24:06 | Queue | Villager (Male) |
| 24:13 | Queue | Mangonel |
| 24:37 | Build | Farm |
| 24:41 | Queue | Villager (Male) |
| 24:57 | Build | Farm |
| 25:21 | Build | Farm |
| 25:30 | Queue | Villager (Male) |
| 25:40 | Build | Farm |
| 26:14 | Build | Farm |
| 26:16 | Research | Imperial Age |
| 27:15 | Queue | Villager (Male) |
| 27:19 | Queue | Villager (Male) |
| 27:25 | Queue | Monk |
| 27:32 | Research | Stone Mining |
| 27:34 | Research | Gold Mining |
| 27:45 | Build | House |
| 27:48 | Build | House |
| 27:53 | Build | House |
| 27:54 | Build | House |
| 28:15 | Research | Fletching |
| 28:20 | Build | University |
| 28:26 | Queue | Villager (Male) |
| 28:26 | Queue | Villager (Male) |
| 28:27 | Queue | Villager (Male) |
| 28:56 | Research | Masonry |
| 29:07 | Queue | Villager (Male) |
| 29:07 | Queue | Villager (Male) |
| 29:26 | Age | Imperial Age |
| 29:27 | Queue | Trebuchet (Packed) |
| 29:28 | Queue | Trebuchet (Packed) |
| 29:34 | Queue | Villager (Male) |
| 29:35 | Queue | Villager (Male) |
| 30:07 | Queue | Villager (Male) |
| 30:07 | Queue | Villager (Male) |
| 30:07 | Queue | Villager (Male) |
| 30:23 | Queue | Villager (Male) |
| 30:23 | Queue | Villager (Male) |
| 30:24 | Queue | Villager (Male) |
| 30:24 | Queue | Villager (Male) |
| 30:24 | Queue | Villager (Male) |
| 30:25 | Queue | Villager (Male) |
| 30:29 | Build | Town Center |
| 30:48 | Build | Farm |
| 30:56 | Research | Conscription |
| 30:58 | Queue | Trebuchet (Packed) |
Build order — PJtheDcoy
First 150 of 365 actions detected
| 0:00 | Queue | Villager (Male) |
| 0:01 | Queue | Villager (Male) |
| 0:01 | Queue | Villager (Male) |
| 0:01 | Queue | Villager (Male) |
| 0:02 | Build | House |
| 0:04 | Build | House |
| 1:30 | Queue | Villager (Male) |
| 1:59 | Build | Lumber Camp |
| 2:03 | Queue | Villager (Male) |
| 2:25 | Queue | Villager (Male) |
| 2:50 | Queue | Villager (Male) |
| 3:12 | Queue | Villager (Male) |
| 3:24 | Build | House |
| 3:41 | Queue | Villager (Male) |
| 4:03 | Queue | Villager (Male) |
| 4:45 | Queue | Villager (Male) |
| 5:03 | Build | House |
| 5:08 | Queue | Villager (Male) |
| 5:40 | Queue | Villager (Male) |
| 5:41 | Queue | Villager (Male) |
| 5:41 | Queue | Villager (Male) |
| 5:51 | Build | Mill |
| 6:27 | Queue | Villager (Male) |
| 7:20 | Queue | Villager (Male) |
| 7:21 | Queue | Villager (Male) |
| 7:45 | Research | Loom |
| 7:48 | Build | Mining Camp |
| 8:41 | Research | Feudal Age |
| 8:59 | Queue | Villager (Male) |
| 8:59 | Queue | Villager (Male) |
| 9:34 | Build | Barracks |
| 9:50 | Build | House |
| 9:56 | Queue | Villager (Male) |
| 9:57 | Queue | Villager (Male) |
| 10:51 | Age | Feudal Age |
| 11:14 | Build | Archery Range |
| 11:27 | Build | Blacksmith |
| 11:51 | Build | Farm |
| 11:52 | Build | Farm |
| 11:53 | Build | Farm |
| 11:53 | Build | Farm |
| 12:35 | Queue | Archer |
| 12:35 | Queue | Archer |
| 12:55 | Build | Mining Camp |
| 12:57 | Queue | Villager (Male) |
| 13:28 | Research | Castle Age |
| 13:58 | Research | Horse Collar |
| 14:39 | Build | House |
| 14:40 | Build | House |
| 14:50 | Research | Double-Bit Axe |
| 14:57 | Queue | Archer |
| 14:57 | Queue | Archer |
| 15:18 | Build | Farm |
| 15:19 | Build | Farm |
| 15:27 | Build | Farm |
| 15:45 | Build | Outpost |
| 15:47 | Build | Outpost |
| 15:59 | Queue | Villager (Male) |
| 15:59 | Queue | Villager (Male) |
| 16:08 | Age | Castle Age |
| 17:04 | Queue | Villager (Male) |
| 17:05 | Queue | Villager (Male) |
| 17:34 | Build | Town Center |
| 17:42 | Queue | Villager (Male) |
| 17:44 | Research | Wheelbarrow |
| 17:47 | Queue | Archer |
| 17:47 | Queue | Archer |
| 18:30 | Build | House |
| 18:30 | Build | House |
| 18:39 | Queue | Villager (Male) |
| 18:39 | Queue | Villager (Male) |
| 19:27 | Queue | Villager (Male) |
| 19:27 | Queue | Villager (Male) |
| 19:45 | Build | Town Center |
| 20:02 | Build | Farm |
| 20:29 | Build | Farm |
| 20:32 | Queue | Villager (Male) |
| 20:32 | Queue | Villager (Male) |
| 20:34 | Queue | Villager (Male) |
| 20:34 | Queue | Villager (Male) |
| 21:19 | Build | Castle |
| 21:23 | Queue | Villager (Male) |
| 21:23 | Queue | Villager (Male) |
| 21:27 | Queue | Villager (Male) |
| 21:28 | Queue | Villager (Male) |
| 21:34 | Build | Farm |
| 21:36 | Build | Farm |
| 21:43 | Build | Farm |
| 21:44 | Build | Farm |
| 21:45 | Build | Farm |
| 21:46 | Build | Farm |
| 21:48 | Queue | Villager (Male) |
| 21:55 | Build | Farm |
| 22:03 | Build | Farm |
| 22:11 | Queue | Villager (Male) |
| 22:18 | Build | Farm |
| 22:23 | Queue | Villager (Male) |
| 22:29 | Build | Farm |
| 22:30 | Build | Farm |
| 22:32 | Build | Farm |
| 22:33 | Build | Farm |
| 22:36 | Build | Farm |
| 22:37 | Build | Farm |
| 22:40 | Queue | Villager (Male) |
| 22:41 | Queue | Villager (Male) |
| 22:55 | Queue | Villager (Male) |
| 22:55 | Queue | Villager (Male) |
| 23:06 | Queue | Gbeto |
| 23:16 | Build | Farm |
| 23:17 | Build | Farm |
| 23:24 | Build | Farm |
| 23:27 | Queue | Villager (Male) |
| 23:27 | Queue | Villager (Male) |
| 23:30 | Queue | Gbeto |
| 23:39 | Build | Farm |
| 23:43 | Build | Farm |
| 23:45 | Queue | Villager (Male) |
| 23:53 | Queue | Villager (Male) |
| 23:54 | Queue | Villager (Male) |
| 24:13 | Build | Siege Workshop |
| 24:20 | Queue | Villager (Male) |
| 24:20 | Queue | Villager (Male) |
| 24:20 | Queue | Villager (Male) |
| 24:21 | Queue | Villager (Male) |
| 24:28 | Build | Farm |
| 24:31 | Queue | Villager (Male) |
| 24:32 | Queue | Villager (Male) |
| 24:35 | Queue | Gbeto |
| 25:05 | Queue | Villager (Male) |
| 25:05 | Queue | Villager (Male) |
| 25:05 | Queue | Villager (Male) |
| 25:53 | Build | Mill |
| 25:54 | Build | Farm |
| 25:54 | Build | Farm |
| 25:54 | Build | Farm |
| 25:55 | Build | Farm |
| 25:58 | Queue | Villager (Male) ×5 |
| 25:58 | Queue | Villager (Male) |
| 26:00 | Research | Bow Saw |
| 26:01 | Research | Heavy Plow |
| 26:10 | Queue | Villager (Male) |
| 26:11 | Queue | Villager (Male) |
| 26:32 | Build | House |
| 26:33 | Build | House |
| 26:34 | Build | House |
| 26:35 | Build | House |
| 26:42 | Research | Hand Cart |
| 26:48 | Build | Farm |
| 26:53 | Build | Farm |
| 27:19 | Research | Town Watch |
Build order — Zaibach
First 150 of 523 actions detected
| 0:01 | Queue | Villager (Male) |
| 0:02 | Queue | Villager (Male) |
| 0:02 | Queue | Villager (Male) |
| 0:02 | Queue | Villager (Male) |
| 0:04 | Build | House |
| 0:05 | Build | House |
| 1:19 | Queue | Villager (Male) |
| 1:45 | Build | Lumber Camp |
| 1:47 | Queue | Villager (Male) |
| 2:07 | Queue | Villager (Male) |
| 2:27 | Queue | Villager (Male) |
| 3:05 | Build | House |
| 3:20 | Build | House |
| 3:32 | Queue | Villager (Male) |
| 3:32 | Queue | Villager (Male) |
| 4:16 | Queue | Villager (Male) |
| 4:52 | Build | Mill |
| 4:53 | Queue | Villager (Male) |
| 4:53 | Queue | Villager (Male) |
| 4:55 | Queue | Villager (Male) |
| 6:10 | Queue | Villager (Male) |
| 6:11 | Queue | Villager (Male) |
| 6:14 | Build | Mill |
| 7:01 | Queue | Villager (Male) |
| 7:16 | Queue | Villager (Male) |
| 7:17 | Queue | Villager (Male) |
| 8:13 | Research | Feudal Age |
| 8:20 | Build | Mining Camp |
| 8:47 | Queue | Villager (Male) |
| 8:47 | Queue | Villager (Male) |
| 8:49 | Research | Loom |
| 10:26 | Age | Feudal Age |
| 10:33 | Build | Market |
| 10:52 | Research | Loom |
| 11:38 | Build | Blacksmith |
| 11:45 | Queue | Villager (Male) |
| 11:50 | Research | Town Watch |
| 12:00 | Research | Double-Bit Axe |
| 12:16 | Research | Castle Age |
| 12:43 | Build | Mining Camp |
| 14:18 | Queue | Villager (Male) |
| 14:19 | Queue | Villager (Male) |
| 14:48 | Build | Farm |
| 14:50 | Build | Farm |
| 14:51 | Build | Farm |
| 14:56 | Age | Castle Age |
| 15:03 | Build | House |
| 15:08 | Queue | Villager (Male) |
| 15:11 | Research | Horse Collar |
| 15:33 | Build | Castle |
| 15:55 | Build | Farm |
| 16:05 | Queue | Villager (Male) |
| 16:05 | Queue | Villager (Male) |
| 16:13 | Build | Town Center |
| 16:42 | Queue | Villager (Male) |
| 16:44 | Build | Farm |
| 17:03 | Queue | Villager (Male) |
| 17:04 | Build | Farm |
| 17:25 | Build | Farm |
| 17:31 | Queue | Villager (Male) |
| 17:55 | Build | Farm |
| 18:02 | Build | Town Center |
| 18:05 | Queue | Villager (Male) |
| 18:10 | Build | Farm |
| 18:13 | Build | Farm |
| 18:16 | Build | Farm |
| 18:26 | Queue | Villager (Male) |
| 18:26 | Queue | Villager (Male) |
| 18:46 | Build | Stone Wall |
| 18:48 | Build | Stone Wall |
| 18:51 | Queue | Villager (Male) |
| 18:55 | Build | Farm |
| 18:59 | Build | Farm |
| 19:01 | Build | Farm |
| 19:04 | Build | Farm |
| 19:05 | Queue | Villager (Male) |
| 19:07 | Build | Farm |
| 19:18 | Queue | Villager (Male) |
| 19:23 | Build | Farm |
| 19:33 | Build | Farm |
| 19:45 | Build | Stone Wall |
| 19:49 | Queue | Villager (Male) |
| 19:49 | Queue | Villager (Male) |
| 19:56 | Build | Farm |
| 19:59 | Queue | Villager (Male) |
| 20:16 | Build | Stone Wall |
| 20:18 | Build | Stone Wall |
| 20:21 | Queue | Villager (Male) |
| 20:23 | Build | Farm |
| 20:28 | Build | Farm |
| 20:31 | Build | Farm |
| 20:34 | Queue | Villager (Male) |
| 20:40 | Queue | Villager (Male) |
| 20:42 | Queue | Villager (Male) |
| 20:43 | Queue | Villager (Male) |
| 20:43 | Queue | Villager (Male) |
| 20:47 | Build | Farm |
| 20:51 | Build | Farm |
| 21:03 | Queue | Villager (Male) |
| 21:05 | Build | Farm |
| 21:06 | Queue | Villager (Male) |
| 21:17 | Build | Farm |
| 21:24 | Build | Farm |
| 21:25 | Queue | Villager (Male) |
| 21:25 | Queue | Villager (Male) |
| 21:29 | Build | Farm |
| 21:42 | Queue | Villager (Male) |
| 21:42 | Queue | Villager (Male) |
| 21:52 | Queue | Villager (Male) |
| 22:07 | Build | House |
| 22:08 | Build | House |
| 22:09 | Build | House |
| 22:12 | Queue | Villager (Male) |
| 22:12 | Queue | Villager (Male) |
| 22:14 | Build | Farm |
| 22:19 | Queue | Villager (Male) |
| 22:30 | Build | Farm |
| 22:35 | Queue | Villager (Male) |
| 22:35 | Queue | Villager (Male) |
| 22:51 | Build | Farm |
| 22:53 | Build | Farm |
| 22:55 | Build | Farm |
| 22:56 | Queue | Villager (Male) |
| 22:57 | Queue | Villager (Male) |
| 22:57 | Queue | Villager (Male) |
| 23:14 | Build | Farm |
| 23:16 | Queue | Villager (Male) |
| 23:16 | Queue | Villager (Male) |
| 23:17 | Queue | Villager (Male) |
| 23:46 | Queue | Villager (Male) |
| 23:46 | Queue | Villager (Male) |
| 23:52 | Build | Mill |
| 23:53 | Build | Farm |
| 24:00 | Queue | Villager (Male) |
| 24:10 | Queue | Villager (Male) |
| 24:21 | Build | Outpost |
| 24:21 | Build | Outpost |
| 24:36 | Queue | Villager (Male) |
| 24:36 | Queue | Villager (Male) |
| 24:38 | Build | Mining Camp |
| 24:40 | Queue | Villager (Male) |
| 24:40 | Queue | Villager (Male) |
| 24:41 | Queue | Villager (Male) |
| 25:09 | Queue | Villager (Male) |
| 25:46 | Research | Imperial Age |
| 25:52 | Research | Bow Saw |
| 25:56 | Build | Lumber Camp |
| 26:07 | Build | Barracks |
| 26:11 | Research | Fletching |
| 26:17 | Research | Padded Archer Armor |
Build order — Quando
First 150 of 494 actions detected
| 0:00 | Queue | Villager (Male) |
| 0:00 | Queue | Villager (Male) |
| 0:01 | Queue | Villager (Male) |
| 0:01 | Queue | Villager (Male) |
| 0:02 | Build | House |
| 0:03 | Build | House |
| 1:37 | Queue | Villager (Male) |
| 1:47 | Queue | Villager (Male) |
| 1:49 | Build | Lumber Camp |
| 2:42 | Queue | Villager (Male) |
| 2:43 | Queue | Villager (Male) |
| 3:04 | Queue | Villager (Male) |
| 3:40 | Queue | Villager (Male) |
| 3:45 | Queue | Villager (Male) |
| 4:07 | Build | House |
| 4:08 | Build | House |
| 4:09 | Build | House |
| 4:42 | Build | Mill |
| 4:47 | Queue | Villager (Male) |
| 4:49 | Queue | Villager (Male) |
| 4:49 | Queue | Villager (Male) |
| 5:52 | Queue | Villager (Male) |
| 5:58 | Queue | Villager (Male) |
| 6:47 | Queue | Villager (Male) |
| 6:59 | Queue | Villager (Male) |
| 7:11 | Queue | Villager (Male) |
| 7:14 | Build | Farm |
| 7:15 | Build | Farm |
| 7:46 | Build | Mining Camp |
| 7:51 | Queue | Villager (Male) |
| 8:30 | Research | Feudal Age |
| 9:30 | Queue | Villager (Male) |
| 9:30 | Queue | Villager (Male) |
| 10:03 | Build | Mining Camp |
| 10:43 | Age | Feudal Age |
| 10:49 | Build | Market |
| 10:53 | Build | Blacksmith |
| 11:08 | Queue | Villager (Male) |
| 11:59 | Queue | Villager (Male) |
| 12:27 | Research | Castle Age |
| 13:11 | Build | House |
| 13:13 | Build | House |
| 13:23 | Research | Double-Bit Axe |
| 13:26 | Research | Horse Collar |
| 13:32 | Research | Loom |
| 14:03 | Build | Farm |
| 14:05 | Build | Farm |
| 15:07 | Age | Castle Age |
| 15:07 | Queue | Villager (Male) |
| 15:13 | Build | Castle |
| 15:24 | Build | Monastery |
| 15:33 | Queue | Villager (Male) |
| 15:39 | Build | Farm |
| 15:50 | Build | Palisade Wall |
| 15:51 | Build | Palisade Wall |
| 15:52 | Build | Palisade Wall |
| 16:15 | Queue | Villager (Male) |
| 16:22 | Build | Town Center |
| 16:35 | Queue | Monk |
| 16:38 | Build | House |
| 16:43 | Queue | Villager (Male) |
| 16:52 | Queue | Villager (Male) |
| 17:06 | Queue | War Wagon |
| 17:32 | Queue | Villager (Male) |
| 17:32 | Queue | Villager (Male) |
| 17:34 | Queue | War Wagon |
| 17:56 | Queue | Monk |
| 18:04 | Build | Mill |
| 18:06 | Queue | Villager (Male) |
| 18:06 | Queue | Villager (Male) |
| 18:22 | Build | Farm |
| 18:27 | Build | Farm |
| 18:28 | Queue | Villager (Male) |
| 18:44 | Build | Outpost |
| 18:47 | Build | Outpost |
| 18:54 | Queue | Villager (Male) |
| 18:57 | Build | Farm |
| 18:58 | Build | Farm |
| 19:00 | Queue | Villager (Male) |
| 19:04 | Queue | War Wagon |
| 19:18 | Queue | Villager (Male) |
| 19:27 | Build | Farm |
| 19:29 | Queue | Villager (Male) |
| 19:41 | Queue | Villager (Male) |
| 20:00 | Queue | Villager (Male) |
| 20:02 | Build | Farm |
| 20:03 | Build | Farm |
| 20:04 | Build | Farm |
| 20:06 | Build | Farm |
| 20:06 | Build | Farm |
| 20:07 | Queue | Villager (Male) |
| 20:11 | Queue | Villager (Male) |
| 20:18 | Queue | Villager (Male) |
| 20:38 | Queue | Villager (Male) |
| 20:38 | Queue | Villager (Male) |
| 20:44 | Queue | Villager (Male) |
| 20:50 | Build | Farm |
| 20:51 | Build | Farm |
| 20:52 | Build | Farm |
| 21:07 | Queue | Villager (Male) |
| 21:08 | Queue | Villager (Male) |
| 21:23 | Queue | Monk |
| 21:26 | Queue | Villager (Male) |
| 21:27 | Queue | Villager (Male) |
| 21:52 | Queue | Villager (Male) |
| 21:52 | Queue | Villager (Male) |
| 21:59 | Build | Mill |
| 21:59 | Build | Farm |
| 21:59 | Build | Farm |
| 22:00 | Build | Farm |
| 22:00 | Build | Farm |
| 22:00 | Build | Farm |
| 22:01 | Build | Farm |
| 22:01 | Build | Farm |
| 22:01 | Build | Farm |
| 22:04 | Build | House |
| 22:08 | Queue | Villager (Male) |
| 22:08 | Queue | Villager (Male) |
| 22:48 | Queue | Villager (Male) |
| 22:48 | Queue | Villager (Male) |
| 22:54 | Build | Farm |
| 22:56 | Build | House |
| 22:57 | Build | House |
| 22:58 | Build | House |
| 23:25 | Queue | Villager (Male) |
| 23:25 | Queue | Villager (Male) |
| 23:46 | Research | Imperial Age |
| 23:54 | Build | Siege Workshop |
| 24:02 | Queue | Villager (Male) |
| 24:02 | Queue | Villager (Male) |
| 24:16 | Build | Lumber Camp |
| 24:26 | Research | Bow Saw |
| 24:29 | Build | House |
| 24:30 | Build | House |
| 24:30 | Build | House |
| 25:09 | Build | University |
| 25:10 | Queue | Villager (Male) |
| 25:10 | Queue | Villager (Male) |
| 25:11 | Research | Wheelbarrow |
| 25:19 | Build | Farm |
| 25:26 | Research | Fletching |
| 25:57 | Build | House |
| 26:04 | Build | Town Center |
| 26:07 | Queue | Villager (Male) |
| 26:07 | Queue | Villager (Male) |
| 26:10 | Build | Farm |
| 26:23 | Build | House |
| 26:24 | Build | House |
| 26:24 | Build | House |
| 26:25 | Build | House |
Build order — Ponfe
First 150 of 610 actions detected
| 0:02 | Queue | Villager (Male) |
| 0:02 | Queue | Villager (Male) |
| 0:04 | Build | House |
| 0:05 | Build | House |
| 0:17 | Queue | Villager (Male) |
| 0:17 | Queue | Villager (Male) |
| 1:27 | Queue | Villager (Male) |
| 2:03 | Queue | Villager (Male) |
| 2:08 | Build | Lumber Camp |
| 2:34 | Queue | Villager (Male) |
| 2:51 | Queue | Villager (Male) |
| 3:17 | Queue | Villager (Male) |
| 3:44 | Queue | Villager (Male) |
| 4:00 | Build | House |
| 4:07 | Queue | Villager (Male) |
| 4:13 | Queue | Villager (Male) |
| 4:14 | Queue | Villager (Male) |
| 4:48 | Queue | Villager (Male) |
| 4:49 | Queue | Villager (Male) |
| 5:34 | Build | Mill |
| 5:52 | Queue | Villager (Male) |
| 6:10 | Queue | Villager (Male) |
| 6:42 | Queue | Villager (Male) |
| 6:59 | Build | House |
| 7:02 | Research | Feudal Age |
| 8:19 | Queue | Villager (Male) |
| 8:20 | Queue | Villager (Male) |
| 9:12 | Age | Feudal Age |
| 9:15 | Build | Town Center |
| 9:27 | Queue | Villager (Male) |
| 9:30 | Research | Double-Bit Axe |
| 10:03 | Build | House |
| 10:18 | Queue | Villager (Male) |
| 10:19 | Queue | Villager (Male) |
| 10:47 | Queue | Villager (Male) |
| 11:07 | Queue | Villager (Male) |
| 11:07 | Queue | Villager (Male) |
| 11:17 | Research | Horse Collar |
| 11:19 | Build | Farm |
| 11:19 | Build | Farm |
| 11:19 | Build | Farm |
| 11:20 | Build | Farm |
| 11:20 | Build | Farm |
| 11:20 | Build | Farm |
| 11:21 | Build | Farm |
| 11:26 | Queue | Villager (Male) |
| 11:27 | Queue | Villager (Male) |
| 11:30 | Build | House |
| 11:37 | Queue | Villager (Male) |
| 11:49 | Queue | Villager (Male) |
| 11:49 | Queue | Villager (Male) |
| 12:01 | Build | Farm |
| 12:02 | Build | Farm |
| 12:10 | Queue | Villager (Male) |
| 12:11 | Queue | Villager (Male) |
| 12:19 | Queue | Villager (Male) |
| 12:22 | Build | Farm |
| 12:25 | Build | Farm |
| 12:27 | Build | Farm |
| 12:29 | Queue | Villager (Male) |
| 12:52 | Queue | Villager (Male) |
| 12:59 | Build | Farm |
| 13:00 | Build | Farm |
| 13:01 | Queue | Villager (Male) |
| 13:06 | Build | Farm |
| 13:18 | Build | House |
| 13:20 | Build | House |
| 13:37 | Queue | Villager (Male) |
| 13:44 | Queue | Villager (Male) |
| 13:46 | Build | Farm |
| 13:48 | Build | Farm |
| 13:52 | Queue | Villager (Male) |
| 13:53 | Queue | Villager (Male) |
| 14:06 | Queue | Villager (Male) |
| 14:06 | Queue | Villager (Male) |
| 14:15 | Build | Farm |
| 14:17 | Build | Farm |
| 14:22 | Build | Farm |
| 14:26 | Build | Farm |
| 14:28 | Build | Farm |
| 14:29 | Queue | Villager (Male) |
| 14:35 | Queue | Villager (Male) |
| 14:41 | Build | House |
| 14:43 | Build | Blacksmith |
| 14:52 | Queue | Villager (Male) |
| 15:07 | Build | Mining Camp |
| 15:13 | Queue | Villager (Male) |
| 15:26 | Queue | Villager (Male) |
| 15:33 | Build | Market |
| 15:43 | Build | Farm |
| 15:49 | Build | Farm |
| 15:52 | Queue | Villager (Male) |
| 15:53 | Queue | Villager (Male) |
| 15:57 | Build | House |
| 16:14 | Build | Farm |
| 16:19 | Queue | Villager (Male) |
| 16:20 | Queue | Villager (Male) |
| 16:48 | Queue | Villager (Male) |
| 16:49 | Queue | Villager (Male) |
| 17:07 | Build | Farm |
| 17:09 | Build | Farm |
| 17:13 | Build | Farm |
| 17:27 | Research | Castle Age |
| 17:29 | Queue | Villager (Male) |
| 17:29 | Queue | Villager (Male) |
| 17:33 | Build | House |
| 17:37 | Build | House |
| 17:38 | Build | House |
| 17:51 | Queue | Villager (Male) |
| 18:23 | Queue | Villager (Male) |
| 18:25 | Research | Gold Mining |
| 18:33 | Queue | Villager (Male) |
| 18:40 | Build | Mill |
| 18:41 | Build | Farm |
| 18:42 | Build | Farm |
| 18:43 | Build | Farm |
| 18:44 | Build | Farm |
| 18:45 | Build | Farm |
| 18:46 | Build | Farm |
| 18:50 | Build | Farm |
| 18:51 | Build | Farm |
| 18:51 | Build | Farm |
| 18:59 | Build | House |
| 19:00 | Build | House |
| 19:01 | Build | House |
| 19:19 | Queue | Villager (Male) |
| 19:20 | Queue | Villager (Male) |
| 19:24 | Research | Wheelbarrow |
| 19:41 | Build | Farm |
| 19:46 | Build | Farm |
| 19:48 | Queue | Villager (Male) |
| 19:49 | Queue | Villager (Male) |
| 20:12 | Age | Castle Age |
| 20:19 | Queue | Villager (Male) |
| 20:19 | Queue | Villager (Male) |
| 20:31 | Build | House |
| 20:50 | Queue | Villager (Male) |
| 20:50 | Queue | Villager (Male) |
| 20:54 | Build | Town Center |
| 21:07 | Build | House |
| 21:15 | Build | House |
| 21:18 | Build | Monastery |
| 21:19 | Queue | Villager (Male) |
| 21:20 | Queue | Villager (Male) |
| 21:28 | Build | University |
| 21:29 | Build | House |
| 21:30 | Build | House |
| 21:34 | Queue | Villager (Male) |
| 21:34 | Queue | Villager (Male) |
| 21:38 | Build | Farm |
Match timeline
| 9:12 | Ponfe · age_up feudal |
| 9:34 | PJtheDcoy · first_building Barracks |
| 9:50 | Fr4ggi · first_building Barracks |
| 10:26 | Zaibach · age_up feudal |
| 10:43 | Quando · age_up feudal |
| 10:51 | PJtheDcoy · age_up feudal |
| 11:05 | Fr4ggi · age_up feudal |
| 11:14 | PJtheDcoy · first_building Archery Range |
| 11:29 | Dine'nDash · age_up feudal |
| 11:57 | Fr4ggi · first_building Stable |
| 14:13 | Zaibach · first_market_sell 100 stone |
| 14:16 | Zaibach · first_market_buy 100 food |
| 14:56 | Zaibach · age_up castle |
| 15:02 | Dine'nDash · age_up castle |
| 15:07 | Quando · age_up castle |
| 15:08 | Dine'nDash · first_building Monastery |
| 15:13 | Quando · first_building Castle |
| 15:24 | Quando · first_building Monastery |
| 15:33 | Zaibach · first_building Castle |
| 15:50 | Quando · wall_segment Palisade Wall x1 |
| 15:51 | Quando · wall_segment Palisade Wall x1 |
| 15:52 | Quando · wall_segment Palisade Wall x1 |
| 16:02 | Fr4ggi · age_up castle |
| 16:08 | PJtheDcoy · age_up castle |
| 16:29 | Dine'nDash · first_building Castle |
| 17:48 | Dine'nDash · wall_segment Palisade Wall x1 |
| 18:46 | Zaibach · wall_segment Stone Wall x18 |
| 18:48 | Zaibach · wall_segment Stone Wall x8 |
| 19:45 | Zaibach · wall_segment Stone Wall x11 |
| 20:04 | Dine'nDash · first_building Siege Workshop |
| 20:12 | Ponfe · age_up castle |
| 20:16 | Zaibach · wall_segment Stone Wall x7 |
| 20:18 | Zaibach · wall_segment Stone Wall x3 |
| 21:18 | Ponfe · first_building Monastery |
| 21:19 | PJtheDcoy · first_building Castle |
| 23:39 | Quando · first_market_sell 100 stone |
| 23:40 | Quando · first_market_buy 100 food |
| 23:49 | Fr4ggi · first_building Siege Workshop |
| 23:54 | Quando · first_building Siege Workshop |
| 24:13 | PJtheDcoy · first_building Siege Workshop |
| 24:23 | Ponfe · first_building Barracks |
| 25:04 | Ponfe · first_market_sell 100 food |
| 25:05 | Ponfe · first_market_buy 100 wood |
| 25:08 | Ponfe · first_building Stable |
| 25:34 | Dine'nDash · first_market_sell 100 stone |
| 25:44 | Dine'nDash · first_market_buy 100 food |
| 26:07 | Zaibach · first_building Barracks |
| 27:00 | Quando · age_up imperial |
| 27:02 | Zaibach · first_building Archery Range |
| 27:57 | Ponfe · age_up imperial |
| 28:55 | Zaibach · age_up imperial |
| 29:11 | PJtheDcoy · first_building Stable |
| 29:26 | Dine'nDash · age_up imperial |
| 29:31 | Zaibach · first_building Siege Workshop |
| 30:53 | Ponfe · first_building Castle |
| 30:57 | Quando · wall_segment Stone Wall x1 |
| 31:01 | Quando · wall_segment Stone Wall x1 |
| 31:31 | Fr4ggi · age_up imperial |
| 31:33 | Quando · first_building Barracks |
| 31:56 | PJtheDcoy · age_up imperial |
| 32:20 | Dine'nDash · first_building Barracks |
| 33:17 | Fr4ggi · first_market_sell 500 wood |
| 37:52 | Quando · first_building Archery Range |
| 41:31 | Dine'nDash · first_building Archery Range |
| 41:34 | PJtheDcoy · wall_segment Stone Wall x5 |
| 44:45 | Fr4ggi · first_building Monastery |
| 46:27 | Fr4ggi · first_building Castle |
| 52:32 | PJtheDcoy · wall_segment Stone Wall x6 |
| 53:20 | Dine'nDash · resign |
[ AI ANALYSIS · 1 CREDIT ]
What really happened in this match?
Wolo.gg analyzes every decision: build order, eco, micro, common mistakes by bracket. Personalized analysis on WhatsApp or Discord in 30 seconds.
Civ guide
Persians
Perfil
Jugador #6051949